 Dungeon Crawl Stone Soup version 0.18.1-6-gd335043 (webtiles) character file.

32641 M4edhros the Impaler (level 14, -6/110 HPs)
             Began as a Formicid Fighter on May 20, 2016.
             Was the Champion of Dithmenos.
             Mangled by murphy's ghost (27 damage)
             ... on level 14 of the Dungeon.
             The game lasted 00:39:44 (17382 turns).

M4edhros the Impaler (Formicid Fighter)            Turns: 17382, Time: 00:39:45

Health: -6/110     AC: 16    Str: 22    XL:     14   Next: 3%
Magic:  14/14      EV: 12    Int: 13    God:    Dithmenos [******]
Gold:   864        SH: 23    Dex: 21    Spells: 2 memorised, 5 levels left

rFire  + + .     SeeInvis +     e - +0 halberd
rCold  + . .     Gourm    .     T - +2 steam dragon armour
rNeg   . . .     Faith    .     M - +0 large shield (curse)
rPois  .         Spirit   .     (helmet unavailable)
rElec  .         Dismiss  .     G - +2 cloak
rCorr  .         Reflect  +     u - +1 pair of gloves
SustAt .         Harm     .     v - +2 pair of boots
MR     +....                    q - +3 amulet of reflection
Stlth  +++++.....               C - +5 ring of intelligence
                                l - ring of protection from fire

@: agile, wreathed by umbra, somewhat resistant to hostile enchantments, quite
stealthy
A: permanent stasis, dig shafts and tunnels, four strong arms, antennae 3,
hooves 1, agile 1, blurry vision 1, cold resistance 1, fire resistance 1,
regeneration 1, wild magic 1
a: Dig, Shaft Self, Shadow Step, Shadow Form, Renounce Religion


You were on level 14 of the Dungeon.
You worshipped Dithmenos.
Dithmenos was exalted by your worship.
You were not hungry.

You visited 2 branches of the dungeon, and saw 15 of its levels.
You also visited: Ice Cave.

You collected 864 gold pieces.

Inventory:

Hand Weapons
 b - a +0 blowgun
 e - a +0 halberd (weapon)
 K - a +0 dagger of venom
Missiles
 N - 9 curare-tipped needles
Armour
 u - a +1 pair of gloves (worn)
 v - a +2 pair of boots (worn)
 G - a +2 cloak (worn)
 M - a cursed +0 large shield (worn)
 T - a +2 steam dragon armour (worn)
Jewellery
 c - an uncursed amulet of guardian spirit {unknown}
 l - a ring of protection from fire (left hand)
 q - a +3 amulet of reflection (around neck)
 C - a +5 ring of intelligence (right hand)
 L - an uncursed ring of ice
 S - an uncursed ring of poison resistance
Wands
 i - a wand of heal wounds (6/9)
 o - a wand of lightning (3/15)
 p - a wand of paralysis (5/24)
 x - a wand of lightning (1/15)
 y - a wand of iceblast (4/15)
 E - a wand of iceblast (4/15)
 Q - a wand of lightning (8/15)
 U - a wand of paralysis (9/24)
Scrolls
 h - 4 scrolls of remove curse
 j - 3 scrolls of recharging
 m - 2 scrolls of enchant weapon
 n - a scroll of magic mapping
 r - 2 scrolls of noise
 w - a scroll of fear
 A - a scroll of enchant armour
 D - 2 scrolls of amnesia
 H - a scroll of summoning
 R - a scroll of vulnerability
Potions
 a - 3 potions of might
 k - a potion of invisibility
 z - 5 potions of cure mutation
 F - 2 potions of curing
 J - 3 potions of flight
 O - a potion of brilliance {unknown}
Comestibles
 d - 8 meat rations
 f - 13 bread rations
 g - 13 fruits
 s - 10 beef jerkies
 t - a slice of pizza
 B - a chunk of flesh


   Skills:
 - Level 10.2 Fighting
 - Level 16.3 Polearms
 - Level 3.2 Armour
 + Level 2.1 Dodging
 * Level 13.3 Shields
 * Level 3.8 Charms
 * Level 3.2 Translocations


You had 5 spell levels left.
You knew the following spells:

 Your Spells              Type           Power        Failure   Level  Hunger
a - Warp Weapon           Chrm/Tloc      ##........   100%        5    ######.
b - Ozocubu's Armour      Chrm/Ice       #.......     80%         3    ####...


Dungeon Overview and Level Annotations

Branches:
Dungeon (14/15)            Temple (1/1) D:5            Lair (0/8) D:8
    Orc (0/2) D:10
 Vaults: D:13-14

Altars:
Ashenzari
Cheibriados
Dithmenos
Elyvilon
Fedhas
Gozag
Kikubaaqudgha
Makhleb
Nemelex Xobeh
Okawaru
Pakellas
Qazlal
Ru
Sif Muna
Trog
Vehumet
Xom
Yredelemnul
Zin
The Shining One

Shops:
D:11 [

Annotations:
D:14 murphy's ghost, legendary OpSk


Innate Abilities, Weirdness & Mutations

You are under a permanent stasis effect.
You can dig through walls and to a lower floor.
Your four strong arms can wield two-handed weapons with a shield.
You have a pair of large antennae on your head (SInv).
You have large cloven feet.
You are agile. (Dex +2)
Scrolls take you a little longer to read.
Your flesh is cold resistant.
Your flesh is heat resistant.
Your natural rate of healing is unusually fast.
Your spells are a little harder to cast, but a little more powerful.


Message History

It was a potion of agility.
You feel agile all of a sudden.
You completely miss murphy's ghost.
Murphy's ghost stares at you and mumbles some strange words.
The freezing blast misses you.
You are engulfed in freezing vapours.
You resist.
You are engulfed in freezing vapours.
You resist.
The butterfly is engulfed in freezing vapours.
The butterfly dies!
Murphy's ghost is engulfed in freezing vapours.
Unknown command.
Really walk into that cloud of freezing vapour?
You are engulfed in freezing vapours.
You resist. Murphy's ghost hits you!!
* * * LOW HITPOINT WARNING * * *
You emit a cloud of dark smoke.
There is a stone staircase leading down, spattered with blood here.
You are engulfed in freezing vapours.
You resist.
* * * LOW HITPOINT WARNING * * *
Murphy's ghost hits you!!
You die...

#[..... #########....#
#....!.b>.§.§#
####........).).#
..##.....b..###†#
#.##......{.# #.#
#.##....b...###.#
#.##......b..##§#####.#
#..............W@§....#
##..........###§§####..#
#..######### ##.# #..
#..# #.# .?. ##.## #.##
#.###### #..# #..#
#.#..#...# #..## ##.#
#.##.....# #...## #.#
#.####)..# ###.#..## #.#
#.# #<..#


You could see murphy's ghost.

Vanquished Creatures
  Josephine (D:13)
  Erolcha (D:8)
  2 ogre magi
  2 centaur warriors
  The ghost of DEFE the Fighter, a novice DrFi of Ashenzari (D:10)
  Urug (D:12)
  Sonja (D:11)
  Nergalle (D:10)
  An ironbrand convoker (D:14)
  3 unseen horrors
  4 hill giants
  A necromancer (IceCv)
  2 deep elf magi
  A wolf spider zombie (D:13)
  A manticore (D:11)
  An elephant (D:7)
  3 ugly things
  An ice statue (IceCv)
  Maurice (D:9)
  A gargoyle (D:12)
  A molten gargoyle (D:13)
  11 freezing wraiths
  5 trolls
  A two-headed ogre (D:12)
  A wyvern (D:11)
  A shadow (D:13)
  11 yaks
  3 wraiths (D:13)
  A fire elemental (D:13)
  4 hippogriffs
  2 hungry ghosts
  A steam dragon (D:11)
  A water moccasin (D:6)
  Duvessa (D:7)
  6 orc warriors
  5 sky beasts
  17 ice beasts
  3 black bears
  2 necrophages
  3 phantoms
  An alligator simulacrum (IceCv)
  9 ogres
  9 centaurs
  4 crocodiles
  A big kobold (D:13)
  8 giant frogs
  A wyvern zombie (D:11)
  Blork the orc (D:9)
  Dowan (D:7)
  A wyvern skeleton (D:14)
  7 scorpions
  An elephant simulacrum (IceCv)
  A swamp dragon simulacrum (IceCv)
  10 wights
  3 howler monkeys
  2 electric eels (D:8)
  2 lava snakes (D:13)
  3 centaur zombies
  4 crimson imps
  A quasit (D:14)
  5 draconian simulacra (IceCv)
  3 giant frog zombies
  10 orc priests
  8 hounds
  3 jellies
  A gnoll shaman (D:6)
  4 iguanas
  16 orc wizards
  13 worker ants
  A spriggan simulacrum (IceCv)
  A polar bear simulacrum (IceCv)
  3 troll simulacra (IceCv)
  A killer bee zombie (D:7)
  3 sheep
  4 centaur simulacra (IceCv)
  2 hound skeletons (D:5)
  A howler monkey zombie (D:6)
  2 worker ant zombies
  A howler monkey skeleton (D:7)
  14 adders
  12 gnolls
  3 naga simulacra (IceCv)
  4 ogre simulacra (IceCv)
  A shadow imp (D:9)
  12 white imps (IceCv)
  2 oozes
  2 adder skeletons
  3 worms
  2 dart slugs (D:2)
  8 giant geckos
  70 orcs
  A ball python (D:2)
  5 giant cockroaches
  6 goblins
  7 hobgoblins
  10 jackals
  13 kobolds
  5 quokkas
  A ball python skeleton (D:4)
  11 bats
  A giant gecko zombie (D:6)
  7 giant newts
  4 rats
466 creatures vanquished.

Vanquished Creatures (others)
  A cyclops (D:13)
  A centaur (D:11)
  An orc wizard (D:6)
  An orc (D:10)
  A goblin (D:2)
  A kobold (D:13)
6 creatures vanquished.

Grand Total: 472 creatures vanquished

Notes
Turn   | Place    | Note
--------------------------------------------------------------
     0 | D:1      | M4edhros the Formicid Fighter began the quest for the Orb.
     0 | D:1      | Reached XP level 1. HP: 18/18 MP: 1/1
    42 | D:1      | Reached XP level 2. HP: 24/24 MP: 2/2
   167 | D:2      | Reached skill level 3 in Polearms
   380 | D:2      | Reached XP level 3. HP: 29/29 MP: 3/3
   499 | D:2      | Reached XP level 4. HP: 35/35 MP: 4/4
   529 | D:2      | Reached skill level 4 in Polearms
  1059 | D:3      | Found a glowing golden altar of the Shining One.
  1168 | D:4      | Reached skill level 5 in Polearms
  1168 | D:4      | Reached XP level 5. HP: 39/41 MP: 5/5
  1961 | D:4      | Found a white marble altar of Elyvilon.
  2181 | D:5      | Entered Level 5 of the Dungeon
  2218 | D:5      | Reached XP level 6. HP: 37/47 MP: 6/6
  2247 | D:5      | Found a burning altar of Makhleb.
  2260 | D:5      | Reached skill level 6 in Polearms
  2305 | D:5      | Noticed a sky beast
  2319 | D:5      | Killed a sky beast
  2323 | D:5      | Gained mutation: You are covered in fur (AC +1). [mutagenic meat]
  2325 | D:5      | Gained mutation: Your flesh is cold resistant. [mutagenic meat]
  2326 | D:5      | Gained mutation: You occasionally shout uncontrollably at your foes. [mutagenic meat]
  2327 | D:5      | Gained mutation: Your flesh is heat resistant. [mutagenic meat]
  2628 | D:5      | Noticed an ogre
  2629 | D:5      | Found a staircase to the Ecumenical Temple.
  2638 | D:5      | Lost mutation: Your flesh is cold resistant. [potion of cure mutation]
  2638 | D:5      | Lost mutation: You are covered in fur (AC +1). [potion of cure mutation]
  2643 | D:5      | Killed an ogre
  2643 | D:5      | Reached skill level 7 in Polearms
  2643 | D:5      | Reached XP level 7. HP: 13/52 MP: 7/7
  2675 | D:5      | HP: 2/52 [giant cockroach (1)]
  2679 | Temple   | Entered the Ecumenical Temple
  3390 | Temple   | Became a worshipper of Dithmenos the Shadowed
  4294 | D:2      | Found a snail-covered altar of Cheibriados.
  4294 | D:2      | Found an oddly glowing altar of Pakellas.
  5192 | D:5      | Reached skill level 8 in Polearms
  5374 | D:5      | Reached XP level 8. HP: 31/58 MP: 8/8
  5379 | D:5      | Reached * piety under Dithmenos
  5716 | D:6      | Reached skill level 9 in Polearms
  5863 | D:6      | Reached skill level 10 in Polearms
  5940 | D:6      | Reached XP level 9. HP: 64/64 MP: 9/9
  6240 | D:6      | Reached skill level 11 in Polearms
  6456 | D:6      | Reached ** piety under Dithmenos
  6948 | D:7      | Reached skill level 12 in Polearms
  7016 | D:7      | Noticed Duvessa
  7034 | D:7      | Killed Duvessa
  7169 | D:7      | Noticed Dowan
  7182 | D:7      | Killed Dowan
  8045 | D:8      | Reached XP level 10. HP: 54/70 MP: 10/10
  8085 | D:8      | Noticed an elephant
  8109 | D:8      | Gained mutation: You regenerate slowly when monsters are visible. [potion of mutation]
  8109 | D:8      | Gained mutation: Your muscles are strong. (Str +2) [potion of mutation]
  8109 | D:8      | Gained mutation: You are agile. (Dex +2) [potion of mutation]
  8131 | D:7      | Killed an elephant
  8131 | D:7      | Reached skill level 13 in Polearms
  8766 | D:7      | Gained mutation: Your flesh is cold resistant. [mutagenic meat]
  8768 | D:7      | Lost mutation: You regenerate slowly when monsters are visible. [mutagenic meat]
  8880 | D:8      | Found a staircase to the Lair.
  8884 | D:8      | Got a faintly humming robe
  8895 | D:8      | Identified the cursed +0 robe of the Barracuda {SInv} (You found it on level 8 of the Dungeon)
  9005 | D:8      | Noticed Erolcha
  9009 | D:8      | Reached *** piety under Dithmenos
  9009 | D:8      | Reached skill level 14 in Polearms
  9022 | D:8      | Killed Erolcha
  9862 | D:9      | Reached XP level 11. HP: 48/75 MP: 11/11
 10019 | D:9      | Noticed Maurice
 10040 | D:9      | Killed Maurice
 10040 | D:9      | Reached skill level 15 in Polearms
 10224 | D:9      | Noticed Blork the orc
 10235 | D:9      | Killed Blork the orc
 10677 | D:9      | Found a bloodstained altar of Trog.
 10912 | D:9      | Found a deep blue altar of Sif Muna.
 10984 | D:10     | Entered Level 10 of the Dungeon
 11023 | D:10     | Noticed Nergalle
 11425 | D:10     | Killed Nergalle
 11425 | D:10     | Reached skill level 16 in Polearms
 11670 | D:10     | Reached **** piety under Dithmenos
 11952 | D:10     | Found a staircase to the Orcish Mines.
 12024 | D:10     | Noticed DEFE's ghost (novice DrFi)
 12055 | D:10     | Killed DEFE's ghost
 12055 | D:10     | Reached skill level 5 in Shields
 12081 | D:10     | Got a slimy leather armour
 12096 | D:10     | Identified the +0 leather armour of the Evening Star {Int+4} (You took it off an orc on level 10 of the Dungeon)
 12115 | D:10     | Found an oddly glowing altar of Pakellas.
 12381 | D:11     | Reached skill level 5 in Fighting
 12390 | D:11     | Found Beusomat's Armour Shoppe.
 12429 | D:11     | Noticed Sonja
 12459 | D:11     | Killed Sonja
 12459 | D:11     | Reached XP level 12. HP: 36/86 MP: 12/12
 12745 | D:11     | Found a shimmering altar of Xom.
 12806 | D:11     | Noticed an unseen horror
 12811 | D:11     | Killed an unseen horror
 12880 | D:11     | Lost mutation: You occasionally shout uncontrollably at your foes. [mutagenic meat]
 12881 | D:11     | Lost mutation: Your muscles are strong. (Str +2) [mutagenic meat]
 12927 | D:11     | Gained mutation: You have large cloven feet. [mutagenic meat]
 12928 | D:11     | Gained mutation: Scrolls take you a little longer to read. [mutagenic meat]
 12929 | D:11     | Gained mutation: Your natural rate of healing is unusually fast. [mutagenic meat]
 13833 | D:11     | Reached ***** piety under Dithmenos
 14068 | D:12     | Gained mutation: Your spells are a little harder to cast, but a little more powerful. [mutagenic meat]
 14069 | D:12     | Gained mutation: You heal very quickly. [mutagenic meat]
 14070 | D:12     | Lost mutation: You heal very quickly. [mutagenic meat]
 14337 | D:12     | Noticed Urug
 14352 | D:12     | Killed Urug
 14952 | D:13     | Noticed an unseen horror
 14959 | D:13     | Killed an unseen horror
 14961 | D:13     | Reached skill level 10 in Shields
 15000 | D:13     | Noticed an unseen horror
 15002 | D:13     | Noticed an ogre mage
 15012 | D:13     | Killed an unseen horror
 15050 | D:13     | Reached XP level 13. HP: 76/101 MP: 13/13
 15206 | D:13     | Found a frozen archway.
 15255 | IceCv    | Entered an ice cave
 15794 | IceCv    | Reached skill level 10 in Fighting
 15868 | IceCv    | Found an ancient bone altar of Kikubaaqudgha.
 16209 | IceCv    | Reached ****** piety under Dithmenos
 16240 | IceCv    | Identified the Grimoire of the Owl
 16349 | D:13     | Learned a level 5 spell: Warp Weapon
 16353 | D:13     | Learned a level 3 spell: Ozocubu's Armour
 16440 | D:13     | Reached skill level 1 in Charms
 16449 | D:13     | Reached skill level 1 in Translocations
 16539 | D:13     | Noticed Josephine
 16551 | D:13     | Killed Josephine
 16551 | D:13     | Reached skill level 1 in Dodging
 16661 | D:13     | Found an opulent altar of Gozag.
 16711 | D:13     | Noticed a centaur warrior
 16719 | D:13     | Killed a centaur warrior
 17276 | D:14     | Noticed a centaur warrior
 17287 | D:14     | Killed a centaur warrior
 17357 | D:14     | Noticed murphy's ghost (legendary OpSk)
 17359 | D:14     | Noticed an ogre mage
 17371 | D:14     | Killed an ogre mage
 17371 | D:14     | Reached XP level 14. HP: 76/110 MP: 14/14
 17382 | D:14     | Mangled by murphy's ghost

Skill      XL: |  1  2  3  4  5  6  7  8  9 10 11 12 13 |
---------------+----------------------------------------+-----
Polearms       | 3 5 7 8 10 12 14 16 | 16.3
Shields        | 5 10 13 | 13.3
Fighting       | 5 9 10 | 10.2
Charms         | 3 |  3.8
Translocations | 3 |  3.2
Dodging        | 2 |  2.1
Armour         | |  3.2

Action                   |  1- 3 |  4- 6 |  7- 9 | 10-12 | 13-15 || total
-------------------------+-------+-------+-------+-------+-------++-------
Melee: Trident           |    77 |   163 |   495 |    83 |       ||   818
       Long sword        |       |    16 |    18 |       |       ||    34
       Halberd           |       |       |       |   972 |   536 ||  1508
       Dagger            |       |       |       |    48 |       ||    48
Evoke: Wand              |       |     2 |     1 |     7 |     2 ||    12
  Use: Potion            |     1 |     7 |     1 |     5 |     5 ||    19
       Scroll            |       |     4 |     8 |    12 |     5 ||    29
 Stab: Distracted        |       |       |     1 |       |     1 ||     2
       Sleeping          |       |       |       |       |     1 ||     1
  Eat: Chunk             |       |     6 |    14 |    36 |     3 ||    59
       Meat ration       |       |     1 |       |       |     1 ||     2
       Beef jerky        |       |       |     1 |       |       ||     1
       Pizza             |       |       |       |     2 |       ||     2
Armor: Scale mail        |    35 |    65 |    42 |       |       ||   142
       Plate armour      |       |       |   135 |   360 |    82 ||   577
       Skin              |       |       |       |     5 |       ||     5
       Steam dragon armo |       |       |       |       |    36 ||    36
Dodge: Dodged            |    17 |    45 |    66 |   119 |    85 ||   332
Block: Shield            |    41 |   116 |   232 |   487 |       ||   876
       Reflection        |       |       |     6 |    32 |    23 ||    61
       Large shield      |       |       |       |    53 |   412 ||   465
